 Dungeon Crawl Stone Soup version 0.24.0-123-gd5b16e6ec5 (webtiles) character file.

Game seed: 2724609352509543325, levelgen mode: deterministic

55843 1994 the Blocker (level 14, -5/122 HPs)
             Began as a Purple Draconian Earth Elementalist on Jan 28, 2020.
             Was a High Priest of Ru.
             Slain by a guardian serpent (18 damage)
             ... on level 6 of the Lair of Beasts.
             The game lasted 02:05:39 (27516 turns).

1994 the Blocker (DrEE)                            Turns: 27516, Time: 02:05:40

Health: -5/122     AC: 13    Str: 11    XL:     14   Next: 39%
Magic:  13/29      EV:  8    Int: 23    God:    Ru [*****.]
Gold:   1609       SH: 23    Dex: 13    Spells: 12/35 levels left

rFire    + . .     SeeInvis .   a - +3 demon trident (elec)
rCold    + . .     Gourm    .   U - +6 large shield {rC+ rF+}
rNeg     . . .     Faith    .   (armour unavailable)
rPois    .         Spirit   .   (helmet restricted)
rElec    .         Reflect  .   G - +2 cloak {+Inv}
rCorr    .         Harm     .   g - +0 pair of gloves
MR       +....                  Q - +0 pair of boots
Stlth    ..........             w - amulet of regeneration
HPRegen  0.70/turn              I - ring of wizardry
MPRegen  0.21/turn              j - +4 ring of intelligence

@: lethally poisoned (-5 -> -15)
A: breathe power, unfitting armour, cold-blooded, no stealth, hated by all,
inability to train dodging, magic vulnerability 1, AC +8
a: Breathe Dispelling Energy, Draw Out Power, Power Leap, Apocalypse, Renounce
Religion, Evoke Invisibility


You were on level 6 of the Lair of Beasts.
You worshipped Ru.
Ru was extremely pleased with you.
You were not hungry.

You visited 4 branches of the dungeon, and saw 21 of its levels.
You also visited: Gauntlet and Volcano.

You collected 1609 gold pieces.

Inventory:

Hand Weapons
 a - a +3 demon trident of electrocution (weapon)
 b - the +9 morningstar "Faliex" {crush, +Fly rF+ SInv Stlth-}
   (You found it in a Gauntlet)

   It inflicts extra damage upon your enemies.
   It protects you from fire.
   It lets you see invisible.
   It lets you fly.
   It makes you less stealthy.
 O - a +0 hunting sling
Missiles
 r - 158 sling bullets
 v - 416 stones (quivered)
 D - 3 throwing nets
Armour
 g - a +0 pair of gloves (worn)
 m - a +0 shield
 G - a +2 cloak of invisibility (worn)
 Q - a +0 pair of boots (worn)
 U - a +6 large shield of resistance (worn)
Magical Staves
 z - an uncursed staff of death
Jewellery
 e - an uncursed ring of magical power
 j - a +4 ring of intelligence (right hand)
 u - a +4 ring of intelligence
 w - an amulet of regeneration (around neck)
 C - an uncursed ring of protection from magic
 F - an uncursed ring of ice
 H - an uncursed ring of resist corrosion
 I - a ring of wizardry (left hand)
 T - an uncursed amulet of the acrobat {unknown}
Wands
 n - a wand of acid (14)
 A - a wand of flame (25)
 R - a wand of disintegration (15)
 S - a wand of clouds (4)
 W - a wand of polymorph (11)
Scrolls
 h - 11 scrolls of teleportation
 y - a scroll of blinking
 J - 2 scrolls of magic mapping
 N - 2 scrolls of remove curse
 P - 2 scrolls of fear
 V - 2 scrolls of fog
Potions
 d - 3 potions of mutation
 f - 9 potions of curing
 i - a potion of experience {unknown}
 l - a potion of agility
 o - 3 potions of brilliance
 p - 4 potions of heal wounds
 q - 2 potions of might
 s - 3 potions of cancellation
 t - 3 potions of resistance
 x - 3 potions of lignification
 B - a potion of ambrosia
 E - a potion of magic
 K - a potion of berserk rage {unknown}
 L - a potion of flight {unknown}
 M - 2 potions of haste
Comestibles
 c - 35 rations


   Skills:
 - Level 10.6 Fighting
 + Level 6.8 Polearms
 * Level 13.1 Shields
 - Level 11.0 Spellcasting
 - Level 8.1 Conjurations
 - Level 4.0 Charms
 - Level 4.0 Necromancy
 - Level 3.0 Translocations
 - Level 6.0 Transmutations
 - Level 4.0 Ice Magic
 - Level 10.0 Earth Magic


You had 12 spell levels left.
You knew the following spells:

 Your Spells              Type           Power        Failure   Level  Hunger
a - Sandblast             Erth           ######       1%          1    None
b - Passwall              Tmut/Erth      #####...     1%          2    None
c - Stone Arrow           Conj/Erth      ######       1%          3    None
d - Petrify               Tmut/Erth      #####...     3%          4    None
e - Lee's Rapid Deconstr  Erth           ######....   4%          5    ####...
f - Blink                 Tloc           N/A          4%          2    None
g - Ozocubu's Armour      Chrm/Ice       ####....     6%          3    None
h - Regeneration          Chrm/Necr      ####......   6%          3    None

Your spell library contained the following spells:

 Spells                   Type           Power        Failure   Level  Hunger
 Beastly Appendage        Tmut           #####.       1%          1    None
 Sting                    Conj/Pois      ####         1%          1    None
 Song of Slaying          Chrm           ####....     2%          2    None
 Shroud of Golubria       Chrm/Tloc      ####..       3%          2    None
 Swiftness                Chrm/Air       ###.....     6%          2    None
 Gell's Gravitas          Tloc           ####......   9%          3    None
 Lesser Beckoning         Tloc           ####......   9%          3    None
 Spider Form              Tmut/Pois      ####......   9%          3    None
 Teleport Other           Tloc           ####....     9%          3    None
 Corona                   Hex            ##.....      10%         1    None
 Mephitic Cloud           Conj/Pois/Air  ####....     10%         3    None
 Ice Form                 Ice/Tmut       #####...     12%         4    None
 Poisonous Vapours        Pois/Air       ##....       14%         2    None
 Blade Hands              Tmut           #####.....   22%         5    ####...
 Passage of Golubria      Tloc           N/A          26%         4    None
 Venom Bolt               Conj/Pois      ####......   43%         5    ####...
 Olgreb's Toxic Radiance  Pois           ##......     65%         4    None
 Ring of Flames           Chrm/Fire      ###.......   100%        7    #######
 Sticks to Snakes         Tmut           Unusable     N/A         2    N/A

Dungeon Overview and Level Annotations

Branches:
Dungeon (12/15)            Temple (1/1) D:5            Lair (6/6) D:9
 Shoals (0/4) Lair:3        Snake (0/4) Lair:2        Slime (0/5) Lair:5
    Orc (2/2) D:10            Elf (0/3) Orc:2       Volcano (visited)
Gauntlet (visited)

Altars:
Ashenzari
Cheibriados
Dithmenos
Elyvilon
Fedhas
Gozag
Hepliaklqana
Kikubaaqudgha
Makhleb
Nemelex Xobeh
Okawaru
Qazlal
Ru
Sif Muna
Trog
Uskayaw
Vehumet
Wu Jian
Xom
Yredelemnul
Zin
The Shining One
Beogh
Jiyva

Shops:
D:8 =   Orc:2 !:[(

Portals:
Trove: D:10 (give +5 fire dragon scales)

Annotations:
D:11 exclusion: door
Lair:4 2 transporters, Curus's ghost, journeyman DsBe
Lair:6 1 runed translucent door, 2 exclusions


Innate Abilities, Weirdness & Mutations

You can breathe bolts of dispelling energy.
Your rich purple scales are hard. (AC +8)
You cannot fit into any form of body armour.
You are cold-blooded and may be slowed by cold attacks.
You cannot be stealthy.
You are hated by all.
You cannot train Dodging skill.
You are slightly vulnerable to magic. (MR-)


Message History

Press: ? - help, Dir - move target cursor, p - eight-headed hydra A rock wall.
The wall shatters!
The blast of rock fragments hits the guardian serpent.
The guardian serpent is almost dead.
You feel sick.
The guardian serpent casts a spell at you.
The bolt of poison hits you!!
You are more poisoned.
* * * LOW HITPOINT WARNING * * *
You block the eight-headed hydra's attack.
The eight-headed hydra bites you.
* * * LOW HITPOINT WARNING * * *
You block the eight-headed hydra's attack. x2
The eight-headed hydra bites you but does no damage.
The eight-headed hydra barely misses you.
You block the eight-headed hydra's attack.
The eight-headed hydra bites you but does no damage.
The guardian serpent hits you!!
You die...

#........#(........#..#.##.##
##...##................###.$..
#.#.....................###.$.
###............#.........##$!.
#............÷#..##..####)?.
##.......<...###...#...# #($.
#..............#.......##($..
#....#........#.........##.##
#P...#......@###.........###.
#..........DS###.......PP....
##..#........#..........PP...
##.....................P......
#..................[...#..P..#
###..#..................#.P###
######.................#..##.
#≈≈≈≈#......................P
####≈≈≈≈#......................P


You could see an eight-headed hydra and a guardian serpent.

Vanquished Creatures
  Kirke (Lair:5)
  A minotaur (Gauntlet)
  2 hydras (Lair:2)
  Erica (D:8)
  3 two-headed ogres
  3 death yaks
  An orc high priest (Orc:1)
  A hell knight (Volcano)
  Pikel (D:9)
  7 orc knights
  An ugly thing (Volcano)
  An orc sorcerer (Orc:1)
  2 wolf spiders
  An oklob plant (Lair:1)
  A manticore (D:11)
  Joseph (D:8)
  3 elephants (Lair:4)
  2 molten gargoyles (Volcano)
  Psyche (D:8)
  A merfolk siren (Lair:3)
  6 black mambas
  2 smoke demons
  A centaur skeleton (D:10)
  7 spiny frogs
  2 kobold demonologists (D:10)
  5 komodo dragons
  2 red devils
  A merfolk (D:9)
  A tengu conjurer (D:11)
  3 trolls
  A queen bee (D:10)
  2 polar bears
  A tyrant leech (Lair:1)
  5 hornets
  5 dream sheep
  7 hippogriffs
  14 blink frogs
  2 redbacks
  A shadow (D:11)
  7 wyverns
  A fire bat (shapeshifter) (Gauntlet)
  7 hogs (Lair:5)
  16 yaks
  2 fire bats (Volcano)
  Grum (Lair:1)
  2 hungry ghosts
  A soldier ant (D:12)
  4 swamp worms (Lair:1)
  A swamp worm (shapeshifter) (Gauntlet)
  5 wargs (Orc:2)
  A hell hound (Volcano)
  A soldier ant (shapeshifter) (Gauntlet)
  16 water moccasins
  10 porcupines
  4 sky beasts
  4 slaves (D:9)
  3 ice beasts
  36 orc warriors
  4 black bears
  23 wolves
  3 ogres
  2 phantoms
  3 centaurs
  11 crocodiles
  5 big kobolds
  11 bullfrogs
  2 gnoll sergeants (D:7)
  A water moccasin skeleton (D:5)
  A scorpion (D:6)
  22 killer bees (D:10)
  4 electric eels (D:9)
  10 wights
  A howler monkey (D:6)
  4 lava snakes (Volcano)
  A centaur zombie (D:10)
  12 crimson imps
  2 bullfrog zombies
  A quasit (D:10)
  13 hounds
  A jelly (D:10)
  Crazy Yiuf (D:6)
  2 bullfrog skeletons (D:7)
  10 orc priests
  13 orc wizards
  3 iguanas
  9 worker ants
  3 worker ant zombies
  18 gnolls
  A howler monkey skeleton (D:4)
  14 adders
  A shadow imp (D:7)
  2 adder skeletons
  A worm (D:4)
  2 dart slugs
  8 leopard geckos
  74 orcs
  A ball python (D:5)
  8 bats
  3 giant cockroaches
  6 goblins
  A hobgoblin (D:2)
  3 jackals (D:2)
  4 quokkas
  5 frilled lizards
  A jackal zombie (D:8)
  17 kobolds
  7 rats
  4 fungi
  11 plants
595 creatures vanquished.

Vanquished Creatures (others)
  A death yak (Lair:6)
  An ugly thing (Volcano)
  A torpor snail (Lair:6)
  A black mamba (Lair:6)
  A wolf (Lair:1)
  A killer bee (D:10)
  2 orc wizards
  An orc (Orc:2)
  16 fungi
  31 plants
56 creatures vanquished.

Grand Total: 651 creatures vanquished

Notes
Turn   | Place    | Note
-------+----------+-------------------------------------------
     0 | D:1      | 1994 the Draconian Earth Elementalist began the quest for
                  | the Orb.
     0 | D:1      | Reached XP level 1. HP: 14/14 MP: 3/3
   212 | D:1      | Reached XP level 2. HP: 22/22 MP: 5/5
   645 | D:1      | Reached skill level 1 in Fighting
   674 | D:1      | Learned a level 2 spell: Passwall
   712 | D:2      | Reached XP level 3. HP: 28/28 MP: 4/6
   830 | D:2      | Learned a level 3 spell: Stone Arrow
  1129 | D:2      | Reached skill level 1 in Conjurations
  1129 | D:2      | Reached XP level 4. HP: 35/35 MP: 4/7
  1729 | D:3      | Found a burning altar of Makhleb.
  2052 | D:3      | Reached XP level 5. HP: 41/41 MP: 9/9
  2549 | D:4      | Reached XP level 6. HP: 35/49 MP: 6/10
  2655 | D:4      | Learned a level 4 spell: Petrify
  3044 | D:4      | Reached skill level 5 in Earth Magic
  3310 | D:5      | Entered Level 5 of the Dungeon
  3397 | D:5      | Your scales start taking on a rich purple colour.
  3397 | D:5      | Reached XP level 7. HP: 56/56 MP: 11/13
  3502 | D:5      | Found a staircase to the Ecumenical Temple.
  3514 | Temple   | Entered the Ecumenical Temple
  3861 | Temple   | Became a worshipper of Ru the Awakened
  4837 | D:6      | Reached XP level 8. HP: 66/66 MP: 14/14
  5592 | D:6      | Found a runed translucent door.
  5593 | D:6      | Noticed Crazy Yiuf
  5717 | D:6      | Gained mutation: You are hated by all. [Ru sacrifice]
  5717 | D:6      | Reached * piety under Ru
  5725 | D:6      | Reached skill level 5 in Spellcasting
  5725 | D:6      | Reached skill level 5 in Conjurations
  5884 | D:6      | Learned a level 5 spell: Lee's Rapid Deconstruction
  5898 | D:6      | Killed Crazy Yiuf
  6373 | D:7      | Reached skill level 1 in Shields
  6456 | D:7      | Reached XP level 9. HP: 72/72 MP: 17/17
  6797 | D:7      | Reached skill level 2 in Shields
  6950 | D:7      | Reached skill level 5 in Fighting
  7166 | D:7      | Found a shimmering blue altar of Sif Muna.
  7721 | D:8      | Noticed Psyche
  7741 | D:8      | Killed Psyche
  7741 | D:8      | Reached skill level 3 in Shields
  7790 | D:8      | Noticed a two-headed ogre
  7824 | D:8      | Killed a two-headed ogre
  7824 | D:8      | Reached skill level 4 in Shields
  7824 | D:8      | Reached XP level 10. HP: 65/83 MP: 16/19
  8039 | D:8      | Noticed Joseph
  8041 | D:8      | Noticed Erica
  8063 | D:8      | Killed Joseph
  8063 | D:8      | Reached skill level 5 in Transmutations
  8183 | D:8      | Found Ximast's Jewellery Shop.
  8907 | D:8      | Killed Erica
  9110 | D:8      | Gained mutation: You are slightly vulnerable to magic.
                  | (MR-) [Ru sacrifice]
  9110 | D:8      | Reached ** piety under Ru
  9110 | D:8      | Reached *** piety under Ru
  9226 | D:9      | Noticed Pikel
  9254 | D:9      | Killed Pikel
  9400 | D:9      | Noticed a two-headed ogre
  9416 | D:9      | Killed a two-headed ogre
  9681 | D:9      | Noticed a two-headed ogre
  9691 | D:9      | Killed a two-headed ogre
  9691 | D:9      | Reached XP level 11. HP: 92/92 MP: 8/22
  9816 | D:9      | Reached skill level 10 in Earth Magic
 10029 | D:9      | Found a staircase to the Lair.
 10812 | D:10     | Entered Level 10 of the Dungeon
 10841 | D:10     | Found a portal to a secret trove of treasure.
 11354 | D:10     | Found a staircase to the Orcish Mines.
 11386 | D:10     | Reached skill level 5 in Shields
 11532 | D:10     | Gained mutation: You cannot train Dodging skill. [Ru
                  | sacrifice]
 11532 | D:10     | Reached **** piety under Ru
 11532 | D:10     | Reached ***** piety under Ru
 11928 | D:10     | Reached skill level 6 in Shields
 13619 | D:12     | Reached skill level 7 in Shields
 13936 | Orc:1    | Entered Level 1 of the Orcish Mines
 13936 | Orc:1    | Found a roughly hewn altar of Beogh.
 13943 | Orc:1    | Noticed an orc high priest
 14185 | Orc:1    | Killed an orc high priest
 14351 | Orc:2    | Entered Level 2 of the Orcish Mines
 14371 | Orc:2    | Found a gate leading to a gauntlet.
 14477 | Orc:1    | Noticed an orc sorcerer
 14480 | Orc:1    | Killed an orc sorcerer
 14480 | Orc:1    | Reached XP level 12. HP: 104/104 MP: 15/25
 14586 | Gauntlet | Entered a Gauntlet
 14586 | Gauntlet | Found a transporter.
 14586 | Gauntlet | Found a transporter.
 14588 | Gauntlet | Found a transporter.
 14588 | Gauntlet | Found a transporter.
 14592 | Gauntlet | Found a transporter.
 14592 | Gauntlet | Found a transporter.
 14618 | Gauntlet | Found a transporter.
 14622 | Gauntlet | Found a transporter.
 14624 | Gauntlet | Noticed a death ooze
 14631 | Gauntlet | Found a transporter.
 14646 | Gauntlet | Found a transporter.
 14660 | Gauntlet | Found a transporter.
 14664 | Gauntlet | Found a transporter.
 14666 | Gauntlet | Noticed a two-headed ogre
 14666 | Gauntlet | a death drake changed into a two-headed ogre
 14668 | Gauntlet | a two-headed ogre changed into a swamp worm
 14817 | Gauntlet | Reached skill level 8 in Shields
 15022 | Gauntlet | Got an ebony morningstar
 15125 | Gauntlet | Got a steaming garnet amulet
 15275 | Gauntlet | Noticed a minotaur
 15289 | Gauntlet | Killed a minotaur
 15301 | Gauntlet | Identified the Volume of Augmentations
 15509 | D:7      | Learned a level 2 spell: Blink
 15576 | D:7      | Identified Sif Muna's Collected Works on the Oath
 15941 | Orc:2    | Reached skill level 10 in Spellcasting
 15941 | Orc:2    | Reached skill level 1 in Translocations
 16560 | Orc:2    | Reached skill level 9 in Shields
 16609 | Orc:2    | Found Xor Ewu's Armour Shoppe.
 16609 | Orc:2    | Found Hiatz's Antique Weapon Boutique.
 16962 | Orc:2    | Found a roughly hewn altar of Beogh.
 17427 | Orc:2    | Reached skill level 10 in Fighting
 18095 | Orc:2    | Reached skill level 10 in Shields
 18151 | Orc:2    | Found a staircase to the Elven Halls.
 18334 | Orc:2    | Found Ysystewk's Distillery.
 18334 | Orc:2    | Found Latouqoh's Book Boutique.
 18550 | Lair:1   | Entered Level 1 of the Lair of Beasts
 18643 | Lair:1   | Reached skill level 1 in Polearms
 18741 | Lair:1   | Noticed Grum
 18830 | Lair:1   | Killed Grum
 18899 | Lair:1   | Reached XP level 13. HP: 33/114 MP: 4/27
 20866 | Lair:2   | Identified the +9 morningstar "Faliex" {crush, +Fly rF+
                  | SInv Stlth-} (You found it in a Gauntlet)
 20897 | Lair:2   | Learned a level 3 spell: Ozocubu's Armour
 20901 | Lair:2   | Learned a level 3 spell: Regeneration
 21072 | Lair:2   | Reached skill level 1 in Charms
 21072 | Lair:2   | Reached skill level 1 in Ice Magic
 21453 | Lair:2   | Found a staircase to the Snake Pit.
 21738 | Lair:3   | Found a staircase to the Shoals.
 21805 | Lair:3   | Identified the amulet of the Leaf {Harm *Drain Dex+3} (You
                  | found it in a Gauntlet)
 21860 | Lair:3   | Found a dark tunnel.
 21936 | Volcano  | Entered a volcano
 21949 | Volcano  | Gained mutation: You cannot be stealthy. [Ru sacrifice]
 22179 | Volcano  | Reached skill level 11 in Shields
 22262 | Volcano  | Found a burning altar of Makhleb.
 23175 | Lair:3   | You fall into a shaft and drop 3 floors!
 23175 | Lair:6   | Entered Level 6 of the Lair of Beasts
 23206 | Lair:6   | Found a runed translucent door.
 23705 | Lair:4   | Found a transporter.
 23728 | Lair:4   | Reached skill level 5 in Polearms
 23748 | Lair:4   | Noticed Curus's ghost (journeyman DsBe)
 24587 | Lair:4   | Reached skill level 12 in Shields
 24587 | Lair:4   | Reached skill level 1 in Necromancy
 24629 | Lair:4   | Found a transporter.
 25290 | Lair:5   | Found a staircase to the Slime Pits.
 25291 | Lair:5   | Found a viscous altar of Jiyva.
 25586 | Lair:5   | Noticed Kirke
 25604 | Lair:5   | Killed Kirke
 25604 | Lair:5   | Reached XP level 14. HP: 122/122 MP: 4/29
 26569 | Lair:6   | Paralysed by a hornet for 2 turns
 27001 | Lair:5   | Reached skill level 13 in Shields
 27516 | Lair:6   | Slain by a guardian serpent

Levels and vault maps discovered:
D:1:      minmay_arrival_hallway, layout_basic
D:2:      layout_loops_cross, first_ration
D:3:      layout_basic, makhleb_heckhound_becter, kennysheep_path_1,
          hangedman_decor_slide_cut
D:4:      layout_cave_pools, kennysheep_generic_room_13
D:5:      layout_rooms, minmay_temple_entry_mini_moons
D:6:      layout_loops_corners, kennysheep_generic_room_3,
          uniq_crazy_yiuf_cottage
D:7:      layout_basic, led_sif_book
D:8:      layout_basic, serial_shops, nicolae_shop_window_shopping, uniq_erica,
          uniq_joseph, uniq_psyche
D:9:      layout_grid_maze, erik_lair_island, hangedman_fish_farm,
          hangedman_abyss_or_decor_stagger, uniq_pikel
D:10:     layout_basic, orc_0_dummy, special_room [special_room_bee],
          nicolae_trove_entry_free_sample, grunt_ministairs_1,
          roderic_roman_lattice
D:11:     layout_long_grid, minmay_evil_grid
D:12:     layout_basic
Temple:   compressed_dpeg_triangle_lava_temple
Lair:1:   layout_gridlike, worms_lemuel, minmay_lair_oklob_chamber,
          grunt_megastairs_5, uniq_grum
Lair:2:   layout_long_grid, dummy_snake_entry
Lair:3:   layout_long_grid, minmay_shoals_entry_lonely_mermaid,
          nicolae_volcano_entry_hallway
Lair:4:   layout_misc_corridors, gammafunk_ghost_berserking_beasts,
          wad_woods_river_01, infiniplex_staircase_pool_2
Lair:5:   layout_cave_pods, slime_altar_1, chequers_serial_rivers_small_3,
          grunt_megastairs_3, uniq_kirke
Lair:6:   wormcave, layout_long_grid, hangedman_lair_tendril_chambers,
          chequers_serial_rivers_room_b, lemuel_fruit_tree
Orc:1:    layout_caves, basic_altar
Orc:2:    st_orc_town, layout_caves, gauntlet_entry_generic

Skill      XL: |  1  2  3  4  5  6  7  8  9 10 11 12 13 14 |
---------------+-------------------------------------------+-----
Fighting       | 1 2 3 4 5 7 9 10 | 10.6
Conjurations   | 1 2 3 4 5 7 8 |  8.1
Earth Magic    | 4 5 7 8 9 10 | 10.0
Spellcasting   | 3 4 5 6 7 9 10 11 | 11.0
Transmutations | 2 3 4 6 |  6.0
Shields        | 1 4 7 10 12 13 | 13.1
Dodging        | 0 |  0.0
Translocations | 3 |  3.0
Polearms       | 2 5 6 |  6.8
Charms         | 4 |  4.0
Ice Magic      | 4 |  4.0
Stealth        | 0 |  0.0
Necromancy     | 2 4 |  4.0

Action                   |  1- 3 |  4- 6 |  7- 9 | 10-12 | 13-15 || total
-------------------------+-------+-------+-------+-------+-------++-------
Melee: Dagger            |    74 |    72 |   177 |   345 |       ||   668
       Unarmed           |     5 |       |       |       |       ||     5
       Tailslap          |     5 |     8 |    21 |    44 |    72 ||   150
       Demon trident     |       |       |       |    54 |   608 ||   662
Throw: Stone             |       |       |     2 |     1 |       ||     3
 Cast: Sandblast         |     7 |    19 |     2 |       |       ||    28
       Stone Arrow       |     2 |    28 |   134 |   230 |   103 ||   497
       Petrify           |       |       |     3 |    24 |    21 ||    48
       Lee's Rapid Decon |       |       |       |   111 |    46 ||   157
       Blink             |       |       |       |     2 |     3 ||     5
       Ozocubu's Armour  |       |       |       |       |    17 ||    17
       Passwall          |       |       |       |       |     2 ||     2
       Regeneration      |       |       |       |       |     7 ||     7
Invok: Sacrifice Love    |       |       |     1 |       |       ||     1
       Sacrifice Essence |       |       |       |     1 |       ||     1
       Draw Out Power    |       |       |       |     4 |     1 ||     5
       Reject Sacrifices |       |       |       |     1 |     1 ||     2
       Sacrifice Nimblen |       |       |       |     1 |       ||     1
       Power Leap        |       |       |       |     1 |       ||     1
       Sacrifice Stealth |       |       |       |       |     1 ||     1
 Abil: Breathe Dispellin |       |       |     2 |     1 |       ||     3
       Evoke Invisibilit |       |       |       |     1 |       ||     1
Evoke: Wand              |       |       |       |     2 |       ||     2
  Use: Scroll            |       |       |       |    22 |    11 ||    33
       Potion            |       |       |       |     2 |       ||     2
 Stab: Sleeping          |     4 |     1 |       |       |     1 ||     6
       Petrified         |       |       |    24 |    36 |    19 ||    79
       Petrifying        |       |       |       |     1 |     2 ||     3
       Invisible         |       |       |       |     1 |     2 ||     3
       Paralysed         |       |       |       |     3 |     7 ||    10
       Distracted        |       |       |       |     1 |     2 ||     3
  Eat: Chunk             |     1 |     9 |    20 |    38 |    24 ||    92
       Ration            |       |       |       |     6 |     4 ||    10
Armor: Skin              |    36 |    34 |    46 |   109 |   167 ||   392
Dodge: Dodged            |    50 |    64 |    99 |   185 |   141 ||   539
Block: Buckler           |       |       |     5 |    52 |       ||    57
       Shield            |       |       |       |   128 |    89 ||   217
       Large shield      |       |       |       |       |   455 ||   455
